 Dungeon Crawl Stone Soup version 0.28-a0-1447-ga5a8893891 (webtiles) character file.

Game seed: 4495696374133127260

1661 YayAnonymity the Carver (level 8, -1/56 HPs)
             Began as a Demonspawn Gladiator on Jan 11, 2022.
             Was an Initiate of Trog.
             Killed from afar by a steam dragon (10 damage)
             ... with a ball of steam
             ... on level 7 of the Dungeon.
             The game lasted 00:12:51 (8571 turns).

YayAnonymity the Carver (Demonspawn Gladiator)      Turns: 8571, Time: 00:12:52

Health: -1/56      AC: 12    Str: 16    XL:     8   Next: 69%
Magic:  8/8        EV: 12    Int: 11    God:    Trog [......]
Gold:   373        SH:  4    Dex: 14    Spells: 2/7 levels left

rFire   . . .      SeeInvis .   a - +1 long sword
rCold   . . .      Faith    .   o - +0 buckler
rNeg    + . .      Spirit   .   w - +0 ring mail
rPois   .          Reflect  .   c - +0 helmet
rElec   .          Harm     .   l - +0 cloak
rCorr   .          Rampage  .   i - +0 pair of gloves
Will    .....                   h - +0 pair of boots
Stlth   +.........              (no amulet)
HPRegen 0.18/turn               v - ring of positive energy
MPRegen 0.22/turn               (no ring)

@: no status effects
A: molten scales 2, ignite blood 1, magic regeneration, demonic touch 2
a: Renounce Religion


You were on level 7 of the Dungeon.
You worshipped Trog.
Trog was noncommittal.
You visited 2 branches of the dungeon, and saw 8 of its levels.

You collected 373 gold pieces.

Inventory:

Hand Weapons
 a - a +1 long sword (weapon)
 b - a +2 dagger of venom
 e - a +2 whip of flaming
Missiles
 d - 3 throwing nets (quivered)
 z - 3 javelins
 C - 13 poisoned darts
Armour
 c - a +0 helmet (worn)
 h - a +0 pair of boots (worn)
 i - a +0 pair of gloves (worn)
 l - a +0 cloak (worn)
 o - a +0 buckler (worn)
 w - a +0 ring mail (worn)
Jewellery
 v - a ring of positive energy (left hand)
Scrolls
 f - a scroll of amnesia {unknown}
 g - a scroll of vulnerability {unknown}
 k - a scroll of fear {unknown}
 n - a scroll of blinking
 q - 2 scrolls of teleportation {unknown}
 r - a scroll of enchant armour
 u - a scroll of enchant weapon
 y - a scroll of noise
Potions
 j - 2 potions of might
 m - 2 potions of heal wounds
 p - 4 potions of attraction
 s - a potion of cancellation
 t - 2 potions of haste
 x - a potion of curing
 A - 2 potions of mutation
 B - a potion of magic {unknown}


   Skills:
 - Level 2.0 Fighting
 * Level 9.1 Long Blades
 - Level 1.7 Throwing
 - Level 5.0 Dodging
 + Level 2.5 Shields
 - Level 2.0 Necromancy


You had 2 spell levels left.
You knew the following spells:

 Your Spells              Type           Power      Damage    Failure   Level
a - Agony                 Necr           4%         N/A       100%        5

Your spell library contained the following spells:

 Spells                   Type           Power      Damage    Failure   Level
 Pain                     Necr           16%        1d4       38%         1
 Corpse Rot               Necr/Air       4%         N/A       67%         2
 Poisonous Vapours        Pois/Air       0%         N/A       80%         2
 Excruciating Wounds      Necr           2%         N/A       100%        5
 Freezing Cloud           Conj/Ice/Air   0%         6-21      100%        5
 Simulacrum               Ice/Necr       1%         N/A       100%        6
 Polar Vortex             Ice            0%         N/A       100%        9


Dungeon Overview and Level Annotations

Branches:
Dungeon (7/15)             Temple (1/1) D:7

Altars:
Ashenzari
Cheibriados
Dithmenos
Elyvilon
Fedhas
Gozag
Hepliaklqana
Kikubaaqudgha
Makhleb
Nemelex Xobeh
Okawaru
Qazlal
Ru
Sif Muna
Trog
Uskayaw
Vehumet
Wu Jian
Xom
Yredelemnul
Zin
The Shining One

Shops:
D:4 (   D:5 [

Annotations:
D:4 3 runed translucent doors, Cancer's ghost, amateur GrEE
D:5 1 runed translucent door, Crazy Yiuf


Innate Abilities, Weirdness & Mutations

You are mostly covered in molten scales. (AC +3)
Your demonic aura sometimes causes spilled blood to erupt in flames.
You regenerate magic rapidly.
Your touch may inflict irresistible damage on your foes.


Message History

The plant begins to die.
The steam dragon breathes steam at you. The ball of steam hits you!
You are too injured to fight recklessly!
You are too injured to fight recklessly!
You are too injured to fight recklessly!
The bush is engulfed in a cloud of scalding steam.
The plant is engulfed in a cloud of scalding steam. x2
The plant begins to die.
The steam dragon barely misses you. You block the steam dragon's attack.
You slash the steam dragon!
The steam dragon is moderately wounded.
The bush is engulfed in a cloud of scalding steam.
The plant is engulfed in a cloud of scalding steam.
A nearby plant withers and dies.
The steam dragon bites you. The steam dragon barely misses you.
You slash the steam dragon!
The steam dragon is heavily wounded.
The steam dragon bites you. The steam dragon misses you.
You hit the steam dragon.
The steam dragon is severely wounded.
The bush is engulfed in a cloud of scalding steam.
The steam dragon breathes steam at you. The ball of steam hits you.
* * * LOW HITPOINT WARNING * * *
A nearby plant withers and dies.
The steam dragon bites you but does no damage.
The steam dragon claws you but does no damage.
You hit the steam dragon.
The steam dragon is almost dead.
The steam dragon bites you.
* * * LOW HITPOINT WARNING * * *
The steam dragon claws you.
* * * LOW HITPOINT WARNING * * *
The orc hits you but does no damage.
You closely miss the steam dragon.
The steam dragon is almost dead.
The steam dragon breathes steam at you. The ball of steam hits you!
You die...

#.#.##........#
#.#...........#
#.#...........##
#...#..........#
#........##.#..#
#...PP........#
######oPP.......#
#.....D@>....<..#.
#.####.P..........#
#.....§.......#.#
####§#.###.......#
#§#.....####.#
######### .# #


You could see a steam dragon (catching breath) and an orc.

Vanquished Creatures
  4 black bears
  2 phantoms
  A gnoll sergeant (D:5)
  3 scorpions
  A bullfrog (D:6)
  A water moccasin zombie (D:6)
  A centaur zombie (D:6)
  A centaur skeleton (D:6)
  2 orc priests
  6 hounds
  2 bullfrog skeletons (D:5)
  5 iguanas
  An orc wizard (D:3)
  A killer bee zombie (D:6)
  A howler monkey zombie (D:5)
  8 gnolls
  A howler monkey skeleton (D:4)
  4 adders
  A shadow imp (D:6)
  2 worms
  A dart slug (D:1)
  16 orcs
  6 endoplasms
  8 giant cockroaches
  7 goblins
  8 hobgoblins
  6 jackals
  9 kobolds
  3 quokkas
  8 ball pythons
  6 bats
  4 frilled lizards
  6 rats
136 creatures vanquished.

Vanquished Creatures (others)
  3 fungi (D:5)
  4 plants (D:7)
7 creatures vanquished.

Grand Total: 143 creatures vanquished

Notes
Turn   | Place    | Note
-------+----------+-------------------------------------------
     0 | D:1      | YayAnonymity the Demonspawn Gladiator began the quest for
                  | the Orb.
     0 | D:1      | Reached XP level 1. HP: 16/16 MP: 1/1
   355 | D:1      | Reached skill level 3 in Long Blades
   574 | D:1      | Gained mutation: You regenerate magic rapidly. [demonic
                  | ancestry]
   574 | D:1      | Reached XP level 2. HP: 22/22 MP: 2/2
  1052 | D:1      | Gained mutation: You are partially covered in molten
                  | scales. (AC +2) [demonic ancestry]
  1052 | D:1      | Reached XP level 3. HP: 18/27 MP: 3/3
  1484 | D:1      | Found a faded altar of an unknown god.
  1999 | D:2      | Reached skill level 4 in Long Blades
  1999 | D:2      | Reached XP level 4. HP: 33/33 MP: 4/4
  2559 | D:3      | Gained mutation: Your touch may inflict minor irresistible
                  | damage on your foes. [demonic ancestry]
  2559 | D:3      | Reached XP level 5. HP: 34/38 MP: 5/5
  2926 | D:3      | Reached skill level 5 in Long Blades
  3364 | D:4      | Found a runed translucent gate.
  3364 | D:4      | Found a runed translucent gate.
  3364 | D:4      | Found a runed translucent gate.
  3365 | D:4      | Noticed Cancer's ghost (amateur GrEE)
  3688 | D:4      | Noticed a phantom
  3711 | D:4      | Killed a phantom
  3712 | D:4      | Gained mutation: Your demonic aura sometimes causes spilled
                  | blood to erupt in flames. [demonic ancestry]
  3712 | D:4      | Reached XP level 6. HP: 28/44 MP: 6/6
  3836 | D:4      | Found Javoawuk's Antique Weapon Shop.
  4352 | D:5      | Entered Level 5 of the Dungeon
  4578 | D:5      | Reached skill level 6 in Long Blades
  4713 | D:5      | Gained mutation: You are mostly covered in molten scales.
                  | (AC +3) [demonic ancestry]
  4713 | D:5      | Reached XP level 7. HP: 15/50 MP: 7/7
  4950 | D:5      | Found a sacrificial altar of Ru.
  5242 | D:5      | Found a runed translucent door.
  5243 | D:5      | Noticed Crazy Yiuf
  5294 | D:5      | Reached skill level 5 in Dodging
  5545 | D:5      | Reached skill level 7 in Long Blades
  5678 | D:5      | Found Xusch's Armour Boutique.
  6204 | D:5      | HP: 2/50 [gnoll sergeant (8)]
  6502 | D:5      | Found a hide-covered altar of Uskayaw.
  6799 | D:6      | Reached skill level 8 in Long Blades
  6799 | D:6      | Gained mutation: Your touch may inflict irresistible damage
                  | on your foes. [demonic ancestry]
  6799 | D:6      | Reached XP level 8. HP: 56/56 MP: 8/8
  6972 | D:6      | Reached skill level 1 in Shields
  7129 | D:6      | Learned a level 5 spell: Agony
  7712 | D:6      | Reached skill level 1 in Necromancy
  7752 | D:6      | Reached skill level 9 in Long Blades
  7934 | D:7      | Found a staircase to the Ecumenical Temple.
  7952 | Temple   | Entered the Ecumenical Temple
  8522 | Temple   | Became a worshipper of Trog the Wrathful
  8571 | D:7      | Killed from afar by a steam dragon

Illustrated notes

Levels and vault maps discovered:
D:1:      dpeg_arrival_three_bigger_balls, layout_loops_corners,
          dreamdust_ecumenical_altar_hidden_monk_grotto, minmay_pentomino_v4
D:2:      layout_basic, minivault_19
D:3:      layout_rooms
D:4:      layout_basic, serial_shops, nicolae_shop_trees,
          ebering_ghost_rock_garden, serial_bayou_crossing
D:5:      layout_layer_cave, nicolae_overflow_hidden_temple,
          nicolae_ru_awakened_eye, serial_shops, kennysheep_mini,
          uniq_crazy_yiuf_cottage
D:6:      kennysheep_six_static_rooms, layout_basic, kennysheep_generic_room_14
D:7:      layout_basic, minmay_temple_entry_overgrown, serial_glass,
          glass_columns_a, glass_columns_c
Temple:   mainiacjoe_temple_big_plus

Skill      XL: |  1  2  3  4  5  6  7  8 |
---------------+-------------------------+-----
Long Blades    | 3 4 5 6 8 9 |  9.1
Dodging        | 3 4 5 |  5.0
Shields        | 2 |  2.5
Necromancy     | 2 |  2.0
Fighting       | |  2.0
Throwing       | |  1.7

Action                   |  1- 3 |  4- 6 |  7- 9 || total
-------------------------+-------+-------+-------++-------
Melee: Whip              |    12 |       |       ||    12
       Long sword        |     8 |    82 |   178 ||   268
       Dagger            |   103 |   101 |     6 ||   210
       Punch             |     1 |     2 |     1 ||     4
       Touch             |       |    30 |    10 ||    40
  Use: Scroll            |       |       |    11 ||    11
       Potion            |       |       |     1 ||     1
Armor: Leather armour    |    42 |    29 |       ||    71
       Ring mail         |       |    56 |    90 ||   146
Dodge: Dodged            |    74 |   104 |   116 ||   294
Block: Buckler           |       |       |    20 ||    20

Table legend: (Time is in decaauts)
 A = Elapsed time spent in this place.
 B = Non-inter-level travel time spent in this place.
 C = Inter-level travel time spent in this place.
 D = Time resting spent in this place.
 E = Time spent auto-exploring this place.
 F = Levels seen in this place.
 G = Mean time per level.
                   A        B        C        D        E       F      G
               +--------+--------+--------+--------+--------+-----+--------+
         Total |   8582 |   8214 |    368 |    813 |   6175 |   8 | 1072.8 |
       Dungeon |   7973 |   7685 |    288 |    813 |   5682 |   7 | 1139.0 |
        Temple |    608 |    528 |     80 |      0 |    493 |   1 |  608.0 |
               +--------+--------+--------+--------+--------+-----+--------+

Top non-repeatable levels by time:
     D:5: 2118 daAuts
     D:1: 1595 daAuts
     D:4: 1314 daAuts
     D:6: 1252 daAuts
     D:2: 924 daAuts
     D:3: 738 daAuts
  Temple: 608 daAuts
     D:7: 29 daAuts
